PCL
HOUSTON HAMMERTIME @ MILE HIGH BRONCOS
09/24/2027
 
TOP OF THE 1ST
Houston Hammertime batting - Pitching for Mile High Broncos : RHP Barry Garner
Pitching: RHP Barry Garner
Batting: RHB Don Hooper 0-0: Foul Ball, location: 2F
0-1: SOLO HOME RUN (Flyball, 7D), Distance : 381 ft
Batting: RHB Alonso Holguín 0-0: Called Strike
0-1: Swinging Strike
0-2: Strikes out swinging
Batting: RHB Dan Mason 0-0: Foul Ball, location: 2F
0-1: Ball
1-1: Called Strike
1-2: Strikes out swinging
Batting: LHB Juan Cabańas 0-0: Ball
1-0: Ball
2-0: Swinging Strike
2-1: Ball
3-1: Base on Balls
Batting: RHB Santo Cruz 0-0: Hit by Pitch
Juan Cabańas to second
Batting: LHB Bartolo Villanueva 0-0: Ball
1-0: Swinging Strike
1-1: SINGLE (Groundball, 5D)
Juan Cabańas to third
Santo Cruz to second
Runner from 3rd tries for Home, SAFE, throw made at trailing runner, SAFE at third!
Batting: RHB Carlos Pérez 0-0: Ball
1-0: Foul Ball, location: 2F
1-1: Ball
2-1: Foul Ball, location: 2F
2-2: Fielders Choice at 2nd, 6-4 (Groundball, 6)
Top of the 1st over - 2 run(s), 2 hit(s), 0 error(s), 1 left on base; Houston 2 - Mile High 0
BOTTOM OF THE 1ST
Mile High Broncos batting - Pitching for Houston Hammertime : RHP Kevin Bader
Pitching: RHP Kevin Bader
Batting: LHB Ernesto López 0-0: Foul Ball, location: 2F
0-1: Fly out, F6 (Popup, 56D)
Batting: RHB Luis Alvarado 0-0: Foul Ball, location: 2F
0-1: Fly out, F8 (Flyball, 8LD)
Batting: SHB Pedro Martínez 0-0: Ground out U3 (Groundball, 3L)
Bottom of the 1st over - 0 run(s), 0 hit(s), 0 error(s), 0 left on base; Houston 2 - Mile High 0
TOP OF THE 2ND
Houston Hammertime batting - Pitching for Mile High Broncos : RHP Barry Garner
Batting: RHB Alberto Chávez 0-0: Called Strike
0-1: Swinging Strike
0-2: Ball
1-2: Ball
2-2: Ball
3-2: Base on Balls
Batting: LHB Fernando Camacho 0-0: Ball
1-0: Called Strike
1-1: Swinging Strike
1-2: Ball
2-2: Strikes out swinging
Batting: RHB Don Hooper 0-0: Ball
1-0: Foul Ball, location: 2F
1-1: Called Strike
1-2: Foul Ball, location: 2F
1-2: Fly out, F9 (Flyball, 9S)
Batting: RHB Alonso Holguín 0-0: Ball
1-0: Foul Ball, location: 2F
1-1: Foul Ball, location: 2F
1-2: Ball
2-2: Ball
3-2: Foul Ball, location: 2F
3-2: Base on Balls
Alberto Chávez to second
Batting: RHB Dan Mason 0-0: Called Strike
0-1: Ball
1-1: Ball
Wild Pitch!
Alberto Chávez to third
Alonso Holguín to second
2-1: Called Strike
2-2: Ball
Wild Pitch!
Alberto Chávez scores
Alonso Holguín to third
3-2: Foul Ball, location: 2F
3-2: Foul Ball, location: 2F
3-2: Base on Balls
Batting: LHB Juan Cabańas 0-0: Foul Ball, location: 2F
0-1: Ball
1-1: Swinging Strike
1-2: Ball
2-2: Ball
3-2: Ground out 5-3 (Groundball, 56S)
Top of the 2nd over - 1 run(s), 0 hit(s), 0 error(s), 2 left on base; Houston 3 - Mile High 0
BOTTOM OF THE 2ND
Mile High Broncos batting - Pitching for Houston Hammertime : RHP Kevin Bader
Batting: RHB António Martínez 0-0: Foul Ball, location: 2F
0-1: Ball
1-1: Called Strike
1-2: Fly out, F8 (Line Drive, 8LM)
Batting: SHB Paco Martínez 0-0: Called Strike
0-1: Swinging Strike
0-2: Foul Ball, location: 2F
0-2: Strikes out swinging
Batting: RHB Rodney González 0-0: Foul Ball, location: 2F
0-1: Foul Ball, location: 2F
0-2: Ball
1-2: SINGLE (Line Drive, 89S)
Batting: LHB Jesús González 0-0: Called Strike
0-1: Swinging Strike
0-2: Ball
1-2: Ball
2-2: DOUBLE (Line Drive, 78XD)
Rodney González to third
Rodney González scores
Batting: LHB Dave Cook 0-0: Called Strike
0-1: Ball
1-1: Called Strike
1-2: SINGLE (Line Drive, 9LS)
Jesús González to third
Runner from 3rd tries for Home, SAFE, no throw
Batting: RHB Evan Robinson 0-0: Called Strike
0-1: Ball
1-1: Called Strike
1-2: Ball
2-2: Foul Ball, location: 2F
2-2: Foul Ball, location: 2F
2-2: Fielders Choice at 2nd, 6-4 (Groundball, 6)
Bottom of the 2nd over - 2 run(s), 3 hit(s), 0 error(s), 0 left on base; Houston 3 - Mile High 2
TOP OF THE 3RD
Houston Hammertime batting - Pitching for Mile High Broncos : RHP Barry Garner
Batting: RHB Santo Cruz 0-0: Ball
1-0: Foul Ball, location: 2F
1-1: Swinging Strike
1-2: Ball
2-2: Foul Ball, location: 2F
2-2: Ball
3-2: Ground out 6-3 (Groundball, 6)
Batting: LHB Bartolo Villanueva 0-0: Foul Ball, location: 2F
0-1: Ball
1-1: Called Strike
1-2: Strikes out swinging
Batting: RHB Carlos Pérez 0-0: Ball
1-0: Called Strike
1-1: Ground out 5-3 (Groundball, 56S)
Top of the 3rd over - 0 run(s), 0 hit(s), 0 error(s), 0 left on base; Houston 3 - Mile High 2
BOTTOM OF THE 3RD
Mile High Broncos batting - Pitching for Houston Hammertime : RHP Kevin Bader
Batting: LHB Ernesto López 0-0: Ground out U3 (Groundball, 3L)
Batting: RHB Luis Alvarado 0-0: Called Strike
0-1: Called Strike
0-2: Strikes out swinging
Batting: SHB Pedro Martínez 0-0: Ball
1-0: Ball
2-0: SINGLE (Line Drive, 3D)
Batting: RHB António Martínez 0-0: Ball
Pedro Martínez steals 2nd base
1-0: Ball
2-0: Fly out, F8 (Line Drive, 8RD)
Bottom of the 3rd over - 0 run(s), 1 hit(s), 0 error(s), 1 left on base; Houston 3 - Mile High 2
TOP OF THE 4TH
Houston Hammertime batting - Pitching for Mile High Broncos : RHP Barry Garner
Batting: RHB Alberto Chávez 0-0: Called Strike
0-1: Ground out 5-3 (Groundball, 56S)
Batting: LHB Fernando Camacho 0-0: Foul Ball, location: 2F
0-1: Ball
1-1: Ground out 4-3 (Groundball, 4)
Batting: RHB Don Hooper 0-0: Foul Ball, location: 2F
0-1: Foul Ball, location: 2F
0-2: Fly out, F9 (Line Drive, 9)
Top of the 4th over - 0 run(s), 0 hit(s), 0 error(s), 0 left on base; Houston 3 - Mile High 2
BOTTOM OF THE 4TH
Mile High Broncos batting - Pitching for Houston Hammertime : RHP Kevin Bader
Batting: SHB Paco Martínez 0-0: Fly out, F8 (Flyball, 8LM)
Batting: RHB Rodney González 0-0: Swinging Strike
0-1: Fly out, F8 (Flyball, 8LS)
Batting: LHB Jesús González 0-0: Ball
1-0: Ball
2-0: Ground out 4-3 (Groundball, 34)
Bottom of the 4th over - 0 run(s), 0 hit(s), 0 error(s), 0 left on base; Houston 3 - Mile High 2
TOP OF THE 5TH
Houston Hammertime batting - Pitching for Mile High Broncos : RHP Barry Garner
Batting: RHB Alonso Holguín 0-0: Called Strike
0-1: Ground out 5-3 (Groundball, 56S)
Batting: RHB Dan Mason 0-0: Ball
1-0: Ball
2-0: Ball
3-0: Foul Ball, location: 2F
3-1: Fly out, F8 (Line Drive, 8LD)
Batting: LHB Juan Cabańas 0-0: Ball
1-0: Swinging Strike
1-1: Ball
2-1: Ball
3-1: Base on Balls
Batting: RHB Santo Cruz 0-0: Called Strike
0-1: Called Strike
0-2: Ball
1-2: Ball
2-2: Foul Ball, location: 2F
2-2: Strikes out swinging
Top of the 5th over - 0 run(s), 0 hit(s), 0 error(s), 1 left on base; Houston 3 - Mile High 2
BOTTOM OF THE 5TH
Mile High Broncos batting - Pitching for Houston Hammertime : RHP Kevin Bader
Batting: LHB Dave Cook 0-0: Ball
1-0: Ball
2-0: Ball
3-0: Base on Balls
Batting: RHB Evan Robinson 0-0: Ball
1-0: Foul Ball, location: 2F
1-1: Fly out, F8 (Flyball, 89M)
Batting: LHB Ernesto López 0-0: Foul Ball, location: 2F
0-1: Called Strike
0-2: Fly out, F7 (Flyball, 7D)
Batting: RHB Luis Alvarado 0-0: Ball
1-0: Ball
2-0: Ball
3-0: Base on Balls
Dave Cook to second
Batting: SHB Pedro Martínez 0-0: Foul Ball, location: 2F
0-1: Ball
1-1: Ball
2-1: SINGLE (Groundball, 34) (infield hit)
Dave Cook to third
Luis Alvarado to second
Batting: RHB António Martínez 0-0: Ball
1-0: Called Strike
1-1: Called Strike
1-2: Ground out 4-3 (Groundball, 4M)
Bottom of the 5th over - 0 run(s), 1 hit(s), 0 error(s), 3 left on base; Houston 3 - Mile High 2
TOP OF THE 6TH
Houston Hammertime batting - Pitching for Mile High Broncos : RHP Barry Garner
Pitching: LHP Juan Garza
Batting: LHB Bartolo Villanueva 0-0: Ball
1-0: Ball
2-0: Ball
3-0: Called Strike
3-1: Base on Balls
Batting: RHB Carlos Pérez 0-0: Called Strike
0-1: Called Strike
0-2: Ball
1-2: SINGLE (Groundball, 56) (infield hit)
Bartolo Villanueva to second
Batting: RHB Alberto Chávez 0-0: Ball
1-0: SINGLE (Groundball, 6MD)
Bartolo Villanueva to third
Carlos Pérez to second
Batting: LHB Fernando Camacho 0-0: Called Strike
0-1: Foul Ball, location: 2F
0-2: Ball
1-2: Foul Ball, location: 2F
1-2: Foul Ball, location: 2F
1-2: Foul Ball, location: 2F
1-2: Foul Ball, location: 2F
1-2: Grounds into double play, 6-4-3 (Groundball, 6)
Bartolo Villanueva scores
Carlos Pérez to third
Batting: RHB Don Hooper 0-0: Ground out 3-1 (Groundball, 34)
Top of the 6th over - 1 run(s), 2 hit(s), 0 error(s), 1 left on base; Houston 4 - Mile High 2
BOTTOM OF THE 6TH
Mile High Broncos batting - Pitching for Houston Hammertime : RHP Kevin Bader
Batting: SHB Paco Martínez 0-0: Ball
1-0: Ball
2-0: Foul Ball, location: 2F
2-1: Ball
3-1: Base on Balls
Batting: RHB Rodney González 0-0: Ball
1-0: Foul Ball, location: 2F
1-1: Swinging Strike
1-2: Strikes out swinging
Batting: LHB Jesús González 0-0: Foul Ball, location: 2F
0-1: Ball
1-1: Ball
2-1: Foul Ball, location: 2F
2-2: Fly out, F7 (Line Drive, 7S)
Lined into DP, 7-3 (Line Drive, 7S)
Bottom of the 6th over - 0 run(s), 0 hit(s), 0 error(s), 0 left on base; Houston 4 - Mile High 2
TOP OF THE 7TH
Houston Hammertime batting - Pitching for Mile High Broncos : LHP Juan Garza
Batting: RHB Alonso Holguín 0-0: Ball
1-0: Foul Ball, location: 2F
1-1: SINGLE (Groundball, 4MD)
Batting: RHB Dan Mason 0-0: Ball
1-0: Ball
2-0: Foul Ball, location: 2F
2-1: Hit by Pitch
Alonso Holguín to second
Batting: LHB Juan Cabańas 0-0: Ball
1-0: Foul Ball, location: 2F
1-1: Swinging Strike
1-2: Foul Ball, location: 2F
1-2: Ball
2-2: Fielders Choice at 2nd, 4-6 (Groundball, 34)
Alonso Holguín to third
Batting: RHB Santo Cruz 0-0: Ball
1-0: Ball
2-0: Ball
3-0: Base on Balls
Juan Cabańas to second
Pinch Hitting: RHB David Hernández 0-0: Called Strike
0-1: Swinging Strike
0-2: Ball
1-2: Foul Ball, location: 2F
1-2: Grounds into fielders choice 6-2 (Groundball, 56)
Juan Cabańas to third
Santo Cruz to second
Batting: RHB Carlos Pérez 0-0: Called Strike
0-1: Ground out 6-3 (Groundball, 6S)
Top of the 7th over - 0 run(s), 1 hit(s), 0 error(s), 3 left on base; Houston 4 - Mile High 2
BOTTOM OF THE 7TH
Mile High Broncos batting - Pitching for Houston Hammertime : RHP Kevin Bader
Now in LF: Enrique Valentín
Batting: LHB Dave Cook 0-0: Called Strike
0-1: Foul Ball, location: 2F
0-2: Ball
1-2: Foul Ball, location: 2F
1-2: Ball
2-2: Ground out U3 (Groundball, 3)
Batting: RHB Evan Robinson 0-0: Ball
1-0: Foul Ball, location: 2F
1-1: SINGLE (Groundball, 34D)
Batting: LHB Ernesto López 0-0: Called Strike
0-1: Ball
1-1: Swinging Strike
1-2: Foul Ball, location: 2F
1-2: Ball
2-2: Foul Ball, location: 2F
2-2: Fielders Choice at 2nd, 6-4 (Groundball, 6)
Pitching: RHP Andrés Rivera
Batting: RHB Luis Alvarado 0-0: Ball
1-0: Foul Ball, location: 2F
1-1: SINGLE (Groundball, 34D)
Ernesto López to second
Runner from 2nd tries for 3rd, SAFE, no throw
Batting: SHB Pedro Martínez 0-0: Ball
1-0: Ground out U3 (Groundball, 3S)
Bottom of the 7th over - 0 run(s), 2 hit(s), 0 error(s), 2 left on base; Houston 4 - Mile High 2
TOP OF THE 8TH
Houston Hammertime batting - Pitching for Mile High Broncos : LHP Juan Garza
Batting: RHB Alberto Chávez 0-0: Foul Ball, location: 2F
0-1: Ball
1-1: Foul Ball, location: 2F
1-2: Ground out 1-3 (Groundball, 13S)
Batting: LHB Fernando Camacho 0-0: Ball
1-0: Swinging Strike
1-1: Ball
2-1: Ball
3-1: Foul Ball, location: 2F
3-2: Foul Ball, location: 2F
3-2: Ground out 3-1 (Groundball, 34S)
Batting: RHB Don Hooper 0-0: Ball
1-0: Ground out 5-3 (Groundball, 56S)
Top of the 8th over - 0 run(s), 0 hit(s), 0 error(s), 0 left on base; Houston 4 - Mile High 2
BOTTOM OF THE 8TH
Mile High Broncos batting - Pitching for Houston Hammertime : RHP Andrés Rivera
Batting: RHB António Martínez 0-0: SINGLE (Flyball, 89S)
Pitching: RHP António Galindo
Batting: SHB Paco Martínez 0-0: Foul Ball, location: 2F
0-1: Ball
1-1: Foul Ball, location: 2F
1-2: Strikes out swinging
Batting: RHB Rodney González 0-0: Ball
1-0: Ball
2-0: Ball
3-0: Called Strike
3-1: Base on Balls
António Martínez to second
Pitching: LHP Dan Snyder
Pinch Hitting: RHB Edward Williams 0-0: Ball
1-0: Ball
2-0: Fielders Choice at 2nd, 1-4 (Groundball, 15S)
António Martínez to third
Pitching: RHP José Ortíz
Batting: LHB Dave Cook 0-0: Ball
1-0: Foul Ball, location: 2F
1-1: Swinging Strike
1-2: Ball
2-2: Strikes out swinging
Bottom of the 8th over - 0 run(s), 1 hit(s), 0 error(s), 2 left on base; Houston 4 - Mile High 2
TOP OF THE 9TH
Houston Hammertime batting - Pitching for Mile High Broncos : LHP Juan Garza
Now in RF: Edward Williams
Batting: RHB Alonso Holguín 0-0: Ball
1-0: Swinging Strike
1-1: Ground out 5-3 (Groundball, 56)
Batting: RHB Dan Mason 0-0: Ball
1-0: Ball
2-0: TRIPLE (Flyball, 89D)
Batting: LHB Juan Cabańas 0-0: Ball
1-0: Foul Ball, location: 2F
1-1: Foul Ball, location: 2F
1-2: Strikes out looking
Batting: RHB Santo Cruz 0-0: Ball
1-0: Ball
2-0: Ball
Wild Pitch!
Dan Mason scores
3-0: Base on Balls
Batting: LHB Enrique Valentín 0-0: Called Strike
0-1: Ball
1-1: Swinging Strike
1-2: Foul Ball, location: 2F
1-2: Strikes out looking
Top of the 9th over - 1 run(s), 1 hit(s), 0 error(s), 1 left on base; Houston 5 - Mile High 2
BOTTOM OF THE 9TH
Mile High Broncos batting - Pitching for Houston Hammertime : RHP José Ortíz
Pitching: RHP Brandon Williams
Batting: RHB Evan Robinson 0-0: Called Strike
0-1: Ball
1-1: Called Strike
1-2: Foul Ball, location: 2F
1-2: SINGLE (Line Drive, 78S)
Batting: LHB Ernesto López 0-0: Called Strike
0-1: Fielders Choice at 2nd, 3-6 (Groundball, 34)
Batting: RHB Luis Alvarado 0-0: Foul Ball, location: 2F
0-1: Ball
1-1: Foul Ball, location: 2F
1-2: SINGLE (Flyball, 89S)
Ernesto López to second
Runner from 2nd tries for 3rd, SAFE, throw made to third
Batting: SHB Pedro Martínez 0-0: Called Strike
0-1: Called Strike
0-2: Ball
1-2: Foul Ball, location: 2F
1-2: Foul Ball, location: 2F
1-2: Ball
2-2: DOUBLE (Flyball, 78XD)
Ernesto López scores
Luis Alvarado to third
Pitching: LHP Júlio Aguilar
Batting: RHB António Martínez 0-0: Called Strike
0-1: Ball
1-1: Called Strike
1-2: Foul Ball, location: 2F
1-2: Foul Ball, location: 2F
1-2: Fly out, F3 (Line Drive, 3)
Pinch Hitting: RHB Su-kweon Yu 0-0: Foul Ball, location: 2F
0-1: Ball
1-1: Ball
2-1: Foul Ball, location: 2F
2-2: Foul Ball, location: 2F
2-2: Foul Ball, location: 2F
2-2: Ball
3-2: Foul Ball, location: 2F
3-2: Base on Balls
Batting: RHB Rodney González 0-0: DOUBLE (Line Drive, 89XD)
Luis Alvarado scores
Pedro Martínez scores
Su-kweon Yu to third
Batting: RHB Edward Williams 0-0: Called Strike
0-1: Ball
1-1: Called Strike
1-2: Ball
2-2: Ball
3-2: Strikes out looking
Bottom of the 9th over - 3 run(s), 4 hit(s), 0 error(s), 2 left on base; Houston 5 - Mile High 5
TOP OF THE 10TH
Houston Hammertime batting - Pitching for Mile High Broncos : LHP Juan Garza
Pitching: RHP Tony Marrero
Now at 3B: Enrique Bermúdez
Pinch Hitting: LHB Pat Jones 0-0: Called Strike
0-1: Foul Ball, location: 2F
0-2: Ball
1-2: Foul Ball, location: 2F
1-2: Ball
2-2: SOLO HOME RUN (Flyball, 89XD), Distance : 408 ft
Batting: RHB Alberto Chávez 0-0: Swinging Strike
0-1: Ball
1-1: Ball
2-1: Ball
3-1: Foul Ball, location: 2F
3-2: Base on Balls
Pitching: LHP Robin Wilder
Batting: LHB Fernando Camacho 0-0: Sac Bunt - play at first, batter OUT! 1-4
Alberto Chávez to second
Pitching: RHP David Bailey
Batting: RHB Don Hooper 0-0: Foul Ball, location: 2F
0-1: Swinging Strike
0-2: Foul Ball, location: 2F
Balk!
Alberto Chávez to third
0-2: Ball
1-2: Ball
2-2: Foul Ball, location: 2F
2-2: Ball
3-2: Strikes out swinging
Batting: RHB Alonso Holguín 0-0: Ball
1-0: Called Strike
1-1: Foul Ball, location: 2F
1-2: Foul Ball, location: 2F
1-2: Ball
2-2: Ball
3-2: SINGLE (Line Drive, 8LS)
Alberto Chávez scores
Batting: RHB Dan Mason 0-0: Swinging Strike
0-1: Ball
1-1: Ball
2-1: Ball
3-1: Foul Ball, location: 2F
3-2: SINGLE (Line Drive, 8LS)
Alonso Holguín to second
Alonso Holguín to third
Batting: LHB Juan Cabańas 0-0: Called Strike
0-1: Foul Ball, location: 2F
0-2: Ball
1-2: Ball
2-2: DOUBLE (Line Drive, 89XD)
Alonso Holguín scores
Dan Mason to third
Batting: RHB Santo Cruz 0-0: Called Strike
0-1: Ball
1-1: Foul Ball, location: 2F
1-2: Foul Ball, location: 2F
1-2: Ground out 6-3 (Groundball, 6)
Top of the 10th over - 3 run(s), 4 hit(s), 0 error(s), 2 left on base; Houston 8 - Mile High 5
BOTTOM OF THE 10TH
Mile High Broncos batting - Pitching for Houston Hammertime : LHP Júlio Aguilar
Now at SS: Richard Bowman
Batting: LHB Dave Cook 0-0: Ball
1-0: Swinging Strike
1-1: Ball
2-1: Swinging Strike
2-2: Foul Ball, location: 2F
2-2: Foul Ball, location: 2F
2-2: Foul Ball, location: 2F
2-2: Ball
3-2: DOUBLE (Flyball, 78XD)
Batting: RHB Evan Robinson 0-0: Ball
1-0: Ball
2-0: Ball
3-0: Base on Balls
Batting: LHB Ernesto López 0-0: Grounds into double play, 4-6-3 (Groundball, 4)
Dave Cook to third
Batting: RHB Luis Alvarado 0-0: Ball
1-0: DOUBLE (Flyball, 7LM)
Dave Cook scores
Batting: SHB Pedro Martínez 0-0: Foul Ball, location: 2F
0-1: Foul Ball, location: 2F
0-2: Ball
1-2: Ball
2-2: Ball
3-2: Fly out, F8 (Flyball, 89M)
Bottom of the 10th over - 1 run(s), 2 hit(s), 0 error(s), 1 left on base; Houston 8 - Mile High 6
Thursday, March 30th, 2017 - OOTP Baseball 17.12 Build 75